 Dungeon Crawl Stone Soup version 0.26-a0-540-g8a0c9464d7 (webtiles) character file.

Game seed: 10169202118628432843

312 MalarOregon the Sneak (level 6, -9/52 HPs)
             Began as a Draconian Brigand on Aug 20, 2020.
             Mangled by a two-headed ogre
             ... wielding a +0 giant spiked club
              (15 damage)
             ... on level 3 of the Dungeon.
             The game lasted 00:05:26 (3839 turns).

MalarOregon the Sneak (Draconian Brigand)           Turns: 3839, Time: 00:05:26

Health: -9/52      AC:  7    Str: 13    XL:     6   Next: 18%
Magic:  6/6        EV: 13    Int: 14    God:
Gold:   234        SH:  0    Dex: 12    Spells: 5/5 levels left

rFire    . . .     SeeInvis .   z - +1 short sword (venom)
rCold    . . .     Faith    .   (no shield)
rNeg     . . .     Spirit   .   (armour unavailable)
rPois    .         Reflect  .   (helmet restricted)
rElec    .         Harm     .   b - +0 cloak
rCorr    .                      (no gloves)
MR       .....                  (no boots)
Stlth    +++.......             (no amulet)
HPRegen  0.17/turn              (no ring)
MPRegen  0.10/turn              (no ring)

@: no status effects
A: unfitting armour, cold-blooded, AC +6
a: no special abilities


You were on level 3 of the Dungeon.
You visited 1 branch of the dungeon, and saw 4 of its levels.

You collected 234 gold pieces.

Inventory:

Hand Weapons
 a - a +2 dagger
 z - a +1 short sword of venom (weapon)
   (You took it off a kobold on level 3 of the Dungeon)
Missiles
 c - 26 poisoned darts
 d - a curare-tipped dart (quivered) {!f}
 k - 6 boomerangs
 m - 85 stones
 n - 41 arrows
 o - 65 sling bullets
Armour
 b - a +0 cloak (worn)
 A - a +0 pair of gloves
   (You found it on level 3 of the Dungeon)
Scrolls
 e - 3 scrolls of amnesia {unknown}
 f - 2 scrolls of teleportation {unknown}
 h - a scroll of noise {unknown}
 l - a scroll of fear {unknown}
 r - a scroll of enchant weapon {unknown}
 s - 9 scrolls of identify {unknown}
 t - 2 scrolls of remove curse {unknown}
 y - a scroll of enchant armour {unknown}
Potions
 g - a potion of mutation {unknown}
 i - 3 potions of lignification {unknown}
 j - a potion of cancellation {unknown}
 p - a potion of ambrosia {unknown}
 q - a potion of stabbing {unknown}
 u - 4 potions of curing {unknown}
 v - a potion of heal wounds {unknown}
 w - a potion of haste {unknown}
 x - a potion of degeneration {unknown}


   Skills:
 * Level 3.9 Fighting
 * Level 3.4 Short Blades
 + Level 2.8 Throwing
 * Level 2.7 Dodging
 + Level 4.3 Stealth


You had 5 spell levels left.
You didn't know any spells.
Your spell library was empty.

Dungeon Overview and Level Annotations

Branches:
Dungeon (4/15)
 Temple: D:4-7

Altars:
Elyvilon
Kikubaaqudgha
Trog
Vehumet
Xom
The Shining One


Innate Abilities, Weirdness & Mutations

Your plain brown scales are hard. (AC +6)
You cannot fit into any form of body armour.
You are cold-blooded and may be slowed by cold attacks.


Message History

Key pressed, stopping explore.
No target in view!
u - 4 murky black potions (gained 1) No target in view!
s - 9 scrolls labeled UTTUNO VAEC (gained 1) No target in view!
A worker ant comes into view.
Found a robe.
A worker ant is nearby!
A worker ant is nearby!
A worker ant is nearby!
The helpless worker ant fails to defend itself.
You puncture the worker ant!
The worker ant bites you but does no damage.
You hit the worker ant.
You kill the worker ant!
No target in view!
You now have 234 gold pieces (gained 6).
No target in view!
A two-headed ogre comes into view.
It is wielding a +0 giant spiked club and a +0 giant club.
A two-headed ogre is nearby!
A two-headed ogre is nearby!
The two-headed ogre shouts in stereo!
You hear a shout! x2
You hear an angry hiss.
You hear a shout!
An orc comes into view.
It is wielding a +1 hand axe of flaming.
The two-headed ogre hits you with a +0 giant spiked club!!
Ouch! That really hurt!
* * * LOW HITPOINT WARNING * * *
The two-headed ogre closely misses you.
You hear a shout!
There is a stone staircase leading down here.
There is a stone staircase leading up here.
The two-headed ogre misses you.
The two-headed ogre hits you but does no damage.
You climb upwards.
There is a stone staircase leading down here.
Okay, then.
Sorry, you're not good enough to have a special ability.
You aren't carrying any items that you can evoke.
Throwing (i - inventory. (/) - cycle)
d - 2 curare-tipped darts (quivered)
{!f}
Aim: a two-headed ogre, wielding a +0 giant spiked club and a +0 giant club Really fire
d - 2 curare-tipped darts {!f}?
You throw a curare-tipped dart {!f}.
The curare-tipped dart {!f} hits the two-headed ogre.
The two-headed ogre is poisoned.
The two-headed ogre convulses.
The two-headed ogre seems to slow down.
The two-headed ogre hits you with a +0 giant spiked club!
* * * LOW HITPOINT WARNING * * *
The two-headed ogre hits you with a +0 giant club!
You die...

..............##.##########
..............##..........#
..............##.########.#
...####.......##.#.).####.#
...# #........#.#.#.#....#
...# #........#.#.#.#.####
...# ########.#.#.#.#.#
...# #...#<#.#.# ...#
##.@###.#.# ...#
#O.#.....#### ...########
##>#.#......# ..........#
###.#.).##.# ..........#
#.#.#..#.#
##........########.#.#.##.#
#.......>.........#.#.##.#
#........##########.#.##.#
#........#.......)....##.#


You could see a two-headed ogre (very poisoned, slow).

Vanquished Creatures
  An eye of draining (D:4)
  A howler monkey (D:4)
  3 worker ants (D:4)
  6 adders
  An adder skeleton (D:4)
  A worm (D:2)
  4 dart slugs
  A leopard gecko (D:3)
  4 orcs
  6 bats
  4 giant cockroaches
  5 goblins
  2 hobgoblins
  4 jackals (D:3)
  4 frilled lizards
  6 kobolds
  A rat (D:1)
54 creatures vanquished.

Vanquished Creatures (others)
  A hobgoblin (D:2)
1 creature vanquished.

Grand Total: 55 creatures vanquished

Notes
Turn   | Place    | Note
-------+----------+-------------------------------------------
     0 | D:1      | MalarOregon the Draconian Brigand began the quest for the
                  | Orb.
     0 | D:1      | Reached XP level 1. HP: 17/17 MP: 1/1
   229 | D:1      | Reached skill level 1 in Dodging
   377 | D:1      | Reached XP level 2. HP: 25/25 MP: 2/2
  1005 | D:2      | Reached XP level 3. HP: 12/30 MP: 3/3
  2042 | D:3      | Reached skill level 4 in Stealth
  2051 | D:3      | Found a radiant altar of Vehumet.
  2051 | D:3      | Found a white marble altar of Elyvilon.
  2360 | D:3      | Reached XP level 4. HP: 37/37 MP: 4/4
  2850 | D:3      | Found an ancient bone altar of Kikubaaqudgha.
  2939 | D:3      | Found a burning altar of Makhleb.
  2943 | D:3      | Found a glowing golden altar of the Shining One.
  2943 | D:3      | Found a shimmering altar of Xom.
  2945 | D:3      | Found an ancient bone altar of Kikubaaqudgha.
  2945 | D:3      | Found a shimmering altar of Xom.
  2945 | D:3      | Found a shattered altar of Ashenzari.
  3164 | D:4      | Found a glowing golden altar of the Shining One.
  3444 | D:4      | Reached XP level 5. HP: 36/45 MP: 5/5
  3588 | D:4      | Found a bloodstained altar of Trog.
  3588 | D:4      | Noticed an eye of draining
  3588 | D:4      | Noticed an eye of draining
  3615 | D:4      | Killed an eye of draining
  3742 | D:4      | Reached XP level 6. HP: 43/52 MP: 6/6
  3817 | D:4      | Noticed a two-headed ogre
  3839 | D:3      | Mangled by a two-headed ogre

Illustrated notes

Levels and vault maps discovered:
D:1:      nzn_arrival_settlement, layout_basic
D:2:      layout_rooms
D:3:      layout_basic, doesnt_xom_only_xom, gammafunk_temple_overflow_claw
D:4:      layout_cave_pools, nicolae_overflow_hidden_temple,
          trog_eyes_of_draining, uniq_robin

Skill      XL: |  1  2  3  4 |
---------------+-------------+-----
Dodging        | 1 2 |  2.7
Throwing       | 2 |  2.8
Stealth        | 4 |  4.3
Fighting       | 3 |  3.9
Short Blades   | 3 |  3.4

Action                   |  1- 3 |  4- 6 || total
-------------------------+-------+-------++-------
Melee: Dagger            |   107 |    24 ||   131
       Tailslap          |     8 |    11 ||    19
       Short sword       |       |    74 ||    74
Throw: Dart              |       |     1 ||     1
 Stab: Sleeping          |     2 |     3 ||     5
Armor: Skin              |    46 |    37 ||    83
Dodge: Dodged            |    67 |    76 ||   143

Table legend: (Time is in decaauts)
 A = Elapsed time spent in this place.
 B = Non-inter-level travel time spent in this place.
 C = Inter-level travel time spent in this place.
 D = Time resting spent in this place.
 E = Time spent auto-exploring this place.
 F = Levels seen in this place.
 G = Mean time per level.
                   A        B        C        D        E       F      G
               +--------+--------+--------+--------+--------+-----+--------+
         Total |   3824 |   3560 |    264 |    400 |   2642 |   4 |  956.0 |
       Dungeon |   3824 |   3560 |    264 |    400 |   2642 |   4 |  956.0 |
               +--------+--------+--------+--------+--------+-----+--------+

Top non-repeatable levels by time:
     D:3: 1310 daAuts
     D:1: 1206 daAuts
     D:2: 833 daAuts
     D:4: 474 daAuts
